 Dungeon Crawl Stone Soup version 0.16.1-2-g95b8d4c (webtiles) character file.

713465 Econoterrorist the Cloud Mage (level 27, -17/161 HPs)
             Began as a Spriggan Enchanter on Mar 22, 2015.
             Was the Champion of Dithmenos.
             Demolished by an Orb Guardian (26 damage)
             ... on level 5 of the Realm of Zot on Mar 24, 2015.
             The game lasted 09:03:24 (113400 turns).

Econoterrorist the Cloud Mage (SpEn)              Turns: 113400, Time: 09:03:25

Health: -17/161    AC:  8    Str:  4    XL:     27
Magic:  28/44      EV: 42    Int: 27    God:    Dithmenos [******]
Gold:   5260       SH: 11    Dex: 20    Spells: 11 memorised, 17 levels left

rFire  + + +     SeeInvis +     y - +8 quick blade (elec)
rCold  + + +     Clarity  .     Q - +2 robe {rF+}
rNeg   + . .     SustAb   .     k - +2 buckler of the Moon {-Tele rPois rC++ Stlth+}
rPois  +         Gourm    .     l - -3 hat of Skediunacw {rElec rC+ Int+2 Slay-2}
rElec  +         Spirit   .     p - +2 cloak {rPois}
rCorr  .         Warding  +     (gloves unavailable)
rMut   .         NoTele   +     (boots unavailable)
MR     +++++                    R - brooch of Shielding {Ward rN+ AC+4 EV+4}
Stlth  ++++++++++               F - ring of protection from fire
                                Y - ring of Nobility {rPois rF+ MR+ Int-3 Dex+2}

@: tornado, flying (expiring), wreathed by umbra, very quick, almost entirely
resistant to hostile enchantments, uncannily stealthy
A: unfitting armour, talons 1, see invisible, herbivore 3, speed 3, low mp 1,
slow metabolism 2
a: Shadow Step, Shadow Form, Renounce Religion
}: 4/15 runes: serpentine, barnacled, slimy, silver


You were on level 5 of the Realm of Zot.
You worshipped Dithmenos.
Dithmenos was exalted by your worship.
You were not hungry.

You visited 10 branches of the dungeon, and saw 61 of its levels.
You visited 1 bazaar.
You also visited: Ossuary.

You collected 9833 gold pieces.
You spent 4573 gold pieces at shops.

Inventory:

Hand weapons
 s - a +5 quick blade of electrocution
 y - a +8 quick blade of electrocution (weapon)
Missiles
 O - 8 throwing nets (quivered)
Armour
 k - the +2 buckler of the Moon (worn) {-Tele rPois rC++ Stlth+}
   (You acquired it on level 12 of the Dungeon)

   It greatly protects you from cold.
   It protects you from poison.
   It prevents most forms of teleportation.
   It makes you more stealthy.
 l - the -3 hat of Skediunacw (worn) {rElec rC+ Int+2 Slay-2}
   (You bought it in a shop on level 2 of the Shoals)

   It affects your intelligence (+2).
   It affects your accuracy and damage with ranged weapons and melee attacks
   (-2).
   It protects you from cold.
   It insulates you from electricity.
 p - a +2 cloak of poison resistance (worn)
 Q - a +2 robe of fire resistance (worn)
Rods
 L - a +7 lightning rod (14/14)
   (You found it on level 5 of the Shoals)
Jewellery
 f - an uncursed amulet of resist mutation
 h - an uncursed amulet of clarity
 o - the ring "Dacw" {Str+4 Slay+3}
   (You found it on level 6 of the Pits of Slime)

   [ring of slaying]

   It affects your strength (+4).
   It affects your accuracy and damage with ranged weapons and melee attacks
   (+3).
 t - a ring of the Octopus King {rN+ AC+1 EV+1 Str+1 Int+1 Dex+1}
   (You bought it in a shop on level 2 of the Snake Pit)

   [ring of positive energy]

   It affects your AC (+1).
   It affects your evasion (+1).
   It affects your strength (+1).
   It affects your intelligence (+1).
   It affects your dexterity (+1).
   It protects you from negative energy.
 z - the ring of Light {rC+ MR++ MP+9 Str+4 Stlth-}
   (You bought it in a shop in a bazaar)

   [ring of magical power]

   It affects your strength (+4).
   It protects you from cold.
   It affects your resistance to hostile enchantments.
   It affects your magic capacity (+9).
   It makes you less stealthy.
 C - an uncursed amulet of regeneration
 F - a ring of protection from fire (right hand)
 K - an uncursed ring of sustain abilities
 R - the brooch of Shielding (around neck) {Ward rN+ AC+4 EV+4}
   (You took it off a deep elf demonologist on level 3 of the Elven Halls)

   [amulet of warding]

   It may prevent the melee attacks of summoned creatures.
   It affects your AC (+4).
   It affects your evasion (+4).
   It protects you from negative energy.
 Y - the ring of Nobility (left hand) {rPois rF+ MR+ Int-3 Dex+2}
   (You took it off a hell knight on level 5 of the Vaults)

   [ring of poison resistance]

   It affects your intelligence (-3).
   It affects your dexterity (+2).
   It protects you from fire.
   It protects you from poison.
   It affects your resistance to hostile enchantments.
Magical devices
 v - a wand of digging (21)
Scrolls
 e - 7 scrolls of identify
 g - 26 scrolls of remove curse
 j - 9 scrolls of recharging
 m - 7 scrolls of magic mapping
 q - 18 scrolls of teleportation
 u - 5 scrolls of amnesia
 J - a scroll of summoning
 M - a scroll of holy word
 N - 7 scrolls of blinking
 P - 9 scrolls of fear
 U - 3 scrolls of enchant armour
Potions
 a - 2 potions of haste
 b - a potion of cure mutation
 i - 26 potions of curing
 n - 8 potions of agility
 r - 3 potions of resistance
 x - 4 potions of magic
 B - 3 potions of might
 H - 5 potions of restore abilities
 I - 4 potions of berserk rage
 X - 2 potions of brilliance
Books
 w - a book of the Tempests

   Spells                             Type                      Level
   a - Static Discharge               Conjuration/Air              3
   b - Lightning Bolt                 Conjuration/Air              5
   c - Fireball                       Conjuration/Fire             5
   d - Tornado                        Air                          9
   e - Shatter                        Earth                        9
 E - a book of Spatial Translocations

   Spells                             Type                      Level
   a - Apportation                    Translocation                1
   b - Blink                          Translocation                2
   c - Shroud of Golubria             Charms/Translocation         2
   d - Portal Projectile              Translocation                3
   e - Teleport Other                 Translocation                3
   f - Passage of Golubria            Translocation                4
Miscellaneous
 c - a fan of gales
 A - a crystal ball of energy
 W - a phial of floods
Comestibles
 d - 19 bread rations


   Skills:
 + Level 21.7 Fighting
 - Level 14.0 Short Blades
 - Level 4.0 Armour
 - Level 21.4 Dodging
 - Level 22.3 Stealth
 - Level 9.0 Shields
 - Level 21.3 Spellcasting
 - Level 7.1 Conjurations
 - Level 10.0 Hexes
 - Level 9.2 Charms
 - Level 7.7 Ice Magic
 - Level 24.2 Air Magic
 - Level 10.0 Evocations


You had 17 spell levels left.
You knew the following spells:

 Your Spells              Type           Power        Failure   Level  Hunger
a - Corona                Hex            ######.      1%          1    None
b - Ensorcelled Hibernat  Hex/Ice        ######       1%          2    None
c - Confuse               Hex            ######..     1%          3    None
d - Tornado               Air            ########..   10%         9    #######
e - Flight                Chrm/Air       #######...   0%          3    None
f - Airstrike             Air            ########..   0%          4    None
g - Deflect Missiles      Chrm/Air       #######...   1%          6    None
h - Haste                 Chrm           ######..     6%          6    None
i - Freezing Cloud        Conj/Ice/Air   #######...   1%          6    None
j - Silence               Hex/Air        #######...   1%          5    None
k - Invisibility          Hex            ######..     4%          6    None


Dungeon Overview and Level Annotations

Branches:
Dungeon (15/15)            Temple (0/1) D:6            Lair (8/8) D:9
 Shoals (5/5) Lair:5        Snake (5/5) Lair:3        Slime (6/6) Lair:6
    Orc (4/4) D:9             Elf (3/3) Orc:4        Vaults (5/5) D:13
  Crypt (0/3) Vaults:2     Depths (5/5) D:15            Zot (5/5) Depths:5

Altars:
Dithmenos
Elyvilon
Fedhas
Gozag
Kikubaaqudgha
Makhleb
Nemelex Xobeh
Okawaru
Sif Muna
Vehumet
Yredelemnul
Beogh
Jiyva

Shops:
Orc:3 :   Orc:4 (?:!*   Elf:1 (   Shoals:2 *[}[   Snake:2 =   Snake:4 !
Vaults:1 [   Vaults:3 (   Vaults:4 [   Vaults:5 !%!

Portals:
Hell: Lair:8 Depths:1 Depths:2 Depths:3 Depths:4 Depths:5
Abyss: Depths:4
Pandemonium: Orc:4 Depths:3
Ziggurat: Depths:2

Annotations:
D:15 exclusion: Roxanne, Roxanne
Depths:3 exclusion: obsidian statue


Innate Abilities, Weirdness & Mutations

You are tiny and cannot use many weapons and most armour.
You have supernaturally acute eyesight.
You are a herbivore.
You cover ground extremely quickly.
You need consume almost no food.
You have sharp toenails.
Your magical capacity is low (-10% MP).


Message History

Press: ? - help, Dir - move target cursor, f/p - Orb Guardian
Aim: an Orb Guardian (raging winds, heavily wounded, umbra)
The air twists around and violently strikes the Orb Guardian!
The Orb Guardian is severely wounded.
Your shadow mimicks your spell!
The shadow shard misses the Orb Guardian.
You block the Orb Guardian's attack. The Orb Guardian hits you!!!
* * * LOW HITPOINT WARNING * * *
You emit a cloud of dark smoke.
The Orb Guardian completely misses you. The Orb Guardian closely misses you.
Read which item? (? for menu, Esc to quit)
As you read the scroll of summoning, it crumbles to dust.
Wisps of shadow whirl around you...
You kill the Orb Guardian!
Dithmenos accepts your kill. The Orb Guardian hits you!!!
* * * LOW HITPOINT WARNING * * *
You emit a cloud of dark smoke.
The Orb Guardian completely misses you. The Orb Guardian hits you!!
You die...

▓ .........▓▓▓▓
............▓▓▓
..............▓▓
..............^▓ ▓▓▓▓▓▓
...............▓ ▓§§§...
....(..........▓▓D§X§...
...............▓dX§§§....
...............X@X§§§§...
..............D▓XX§§§§...
...............▓▓y§§§...
......^........▓ ▓§.§...
.(.............# ▓▓▓▓▓▓
.........)....##
............▓##
^...^^...▓▓▓▓
##▓▓▓▓▓▓▓▓▓▓▓#


You could see a black draconian, an ice dragon, 6 Orb Guardians, a moth of wrath
and a friendly shadow dragon.

Vanquished Creatures
  the royal jelly (Slime:6)
  8 orbs of fire
  3 ancient liches
  Norris (Elf:3)
  A caustic shrike (Depths:4)
  A Killer Klown (Zot:5)
  The ghost of jazmu the Shatterer, a great GrFi of Okawaru (Vaults:5)
  11 golden dragons
  the Enchantress (Depths:1)
  2 electric golems (Zot:5)
  Nikola (Elf:3)
  15 Orb Guardians (Zot:5)
  Vashnia (Snake:4)
  22 tentacled monstrosities
  6 liches
  3 quicksilver dragons
  5 titans
  Asterion (Shoals:5)
  2 deep elf blademasters (Elf:3)
  2 deep elf master archers (Elf:3)
  28 acid blobs
  An Executioner (Zot:5)
  6 sphinxes
  2 octopode crushers
  Rupert (Lair:7)
  Agnes (Shoals:5)
  Kirke (Elf:1)
  9 storm dragons
  11 shadow dragons
  9 tengu reavers
  10 draconian monks
  10 azure jellies
  6 greater nagas
  Ilsuiw (Shoals:5)
  11 frost giants
  7 fire giants
  Wiglaf (Shoals:4)
  Maud (Lair:7)
  5 iron dragons
  7 draconian scorchers
  4 ghost moths
  4 draconian knights
  10 vault wardens
  10 deep elf sorcerers
  Aizul (Snake:2)
  Louise (D:14)
  8 draconian zealots
  Gastronok (Orc:3)
  2 emperor scorpions
  5 spriggan defenders
  Jorgrun (Snake:3)
  19 ironheart preservers
  8 draconian annihilators
  2 draconian callers (Zot:5)
  10 very ugly things
  10 deep elf demonologists
  31 stone giants
  6 draconian shifters
  2 war gargoyles (Vaults:5)
  16 grey draconians
  7 dire elephants
  14 green draconians
  A vampire knight (Depths:4)
  7 deep elf annihilators
  9 black draconians
  8 pale draconians
  Azrael (D:14)
  8 white draconians
  13 purple draconians
  7 yellow draconians
  15 red draconians
  10 mottled draconians
  12 deep elf death magi
  Snorg (D:14)
  6 merfolk javelineers
  9 minotaurs
  15 ettins
  3 crystal guardians
  10 death oozes
  11 deep elf high priests
  34 vault guards
  20 fire dragons
  6 merfolk impalers (Shoals:5)
  2 rakshasas
  18 yaktaur captains
  12 great orbs of eyes
  A very ugly thing skeleton (Depths:4)
  10 hydras
  2 spriggan air magi
  9 centaur warriors
  14 death cobs
  A ghost crab (shapeshifter) (Depths:4)
  14 naga warriors
  An anaconda (shapeshifter) (Vaults:4)
  17 ice dragons
  4 merfolk avatars
  Erica (Lair:1)
  6 anacondas
  2 catoblepae
  10 deep troll earth magi
  14 dancing weapons (Elf:2)
  27 death yaks
  7 merfolk aquamancers
  6 deep troll shamans
  3 small abominations
  The ghost of Fv001 the Blocker, a powerful GrFi of Zin (Lair:2)
  2 satyrs
  A hell beast (Depths:4)
  A tengu warrior (D:13)
  20 ogre magi
  4 shock serpents
  21 naga sharpshooters
  10 spriggan berserkers
  7 orc high priests
  5 sun demons
  2 storm dragon zombies
  2 fire crabs (Vaults:4)
  2 soul eaters
  17 sea snakes
  2 salamander mystics (Snake:5)
  24 deep elf knights
  2 iron trolls (Depths:4)
  4 shadow wraiths
  2 ice devils
  12 hell knights
  A giant orange brain (shapeshifter) (Vaults:3)
  An unseen horror (shapeshifter) (Depths:4)
  A death drake (shapeshifter) (Vaults:5)
  14 deep elf summoners
  5 naga ritualists
  33 deep trolls
  2 large abominations (Elf:1)
  28 ironbrand convokers
  3 swamp dragons (Depths:5)
  A gelid demonspawn (Orc:4)
  2 unseen horrors
  An obsidian statue (Depths:4)
  2 flayed ghosts
  16 griffons
  15 hill giants
  14 harpies
  2 hill giants (shapeshifter)
  14 orc knights
  4 giant orange brains
  3 wizards
  A harpy (shapeshifter) (D:13)
  A draconian zombie (Zot:1)
  27 ugly things
  6 necromancers
  2 phantasmal warriors
  14 wolf spiders
  4 mana vipers
  8 orc sorcerers
  An orb spider (shapeshifter) (Vaults:2)
  7 water nymphs
  15 manticores
  27 moths of wrath
  4 hornets
  19 deep elf conjurers
  An oklob plant (Lair:4)
  6 cyclopes
  A stone giant zombie (Vaults:1)
  3 fauns (Shoals:4)
  A moth of wrath (shapeshifter) (Depths:2)
  A rust devil (Orc:4)
  7 salamanders
  2 shining eyes
  19 black mambas
  30 naga magi
  A frost giant skeleton (Depths:4)
  6 elephants
  A hornet (shapeshifter) (Depths:5)
  A sixfirhy (Zot:1)
  Maurice (D:8)
  A human skeleton (Vaults:1)
  4 centaur zombies
  Joseph (D:10)
  A gargoyle (D:13)
  A fire giant skeleton (Vaults:3)
  A stone giant skeleton (Depths:4)
  4 guardian serpents
  A smoke demon (Zot:1)
  7 sirens
  A torpor snail (Depths:3)
  4 eyes of devastation
  3 human zombies
  9 spiny frogs
  4 orange demons
  An efreet (Zot:1)
  Psyche (D:11)
  A redback zombie (D:13)
  5 spectral swamp worms (Depths:2)
  12 vault sentinels
  2 spiny frogs (shapeshifter)
  A yaktaur (shapeshifter) (D:10)
  An emperor scorpion zombie (Depths:4)
  A kobold demonologist (Vaults:3)
  2 elves (shapeshifter)
  4 komodo dragons
  A red draconian zombie (Zot:1)
  72 yaktaurs
  20 deep elf priests
  3 freezing wraiths
  A yaktaur skeleton (Vaults:1)
  4 red devils
  4 hellwings
  2 wolf spider simulacra
  A polar bear (Lair:7)
  32 merfolk
  A wind drake (shapeshifter) (Depths:4)
  3 tengu conjurers
  4 fire drakes
  A harpy zombie (Vaults:3)
  A polar bear (shapeshifter) (Vaults:5)
  A two-headed ogre (shapeshifter) (Elf:2)
  7 trolls
  Sonja (D:14)
  6 blue devils
  37 two-headed ogres
  2 tengu simulacra
  A queen bee (shapeshifter) (Depths:2)
  15 blink frogs
  A giant leech (shapeshifter) (Vaults:4)
  2 wind drakes
  A minotaur skeleton (Depths:4)
  A raven (shapeshifter) (Vaults:3)
  9 snapping turtles
  10 boulder beetles
  131 slime creatures
  A fire giant simulacrum (Vaults:3)
  An ettin zombie (Vaults:1)
  3 basilisks
  3 ravens
  5 spriggans
  2 wraiths (Vaults:1)
  6 redbacks
  4 trapdoor spiders (Depths:3)
  40 deep elf magi
  2 vampires (D:13)
  6 wyverns
  A shadow (D:11)
  4 air elementals
  A hog (Elf:1)
  15 water elementals
  A hungry ghost (D:9)
  4 fire dragon skeletons (Depths:4)
  13 vampire mosquitoes
  3 tarantellas
  25 fire elementals
  A spriggan (shapeshifter) (D:11)
  16 hippogriffs
  2 mottled dragons
  48 yaks
  57 deep elf fighters
  16 wolves
  9 golden eyes
  A steam dragon (Zot:5)
  2 neqoxecs (Orc:4)
  A chaos spawn (Orc:4)
  25 water moccasins
  2 wargs
  63 nagas
  Menkaure (Ossuary)
  A deep troll zombie (Vaults:4)
  A soldier ant (D:12)
  10 porcupines
  The ghost of CcS the Digger, an average GrEE (D:3)
  4 hell hounds
  An ettin simulacrum (Vaults:2)
  5 ice beasts
  3 swamp drakes (Zot:5)
  A black bear (shapeshifter) (Elf:2)
  A deep dwarf (shapeshifter) (Depths:2)
  8 sky beasts
  49 orc warriors
  An ice beast (shapeshifter) (Depths:2)
  11 eyes of draining
  6 phantoms
  3 wasps
  A black bear (Lair:1)
  7 boggarts
  2 boring beetles (shapeshifter)
  81 ogres
  A crocodile (shapeshifter) (Vaults:4)
  4 boring beetles
  A torpor snail zombie (Depths:4)
  14 centaurs
  An elf simulacrum (Vaults:4)
  An elf skeleton (Depths:4)
  22 crocodiles
  A gnoll sergeant (D:9)
  Blork the orc (D:8)
  An ogre simulacrum (Vaults:1)
  2 big kobolds (D:8)
  A wyvern zombie (D:12)
  22 giant frogs
  A boulder beetle zombie (Vaults:1)
  9 killer bees
  2 scorpions
  5 electric eels
  8 wights
  9 crimson imps
  10 hounds
  3 human simulacra
  A goliath beetle (D:9)
  4 centaur skeletons
  53 jellies
  Crazy Yiuf (D:5)
  2 giant frog skeletons
  28 orc priests
  4 iron imps
  4 hell rats
  7 iguanas
  30 orc wizards
  41 sheep
  11 worker ants
  3 hound skeletons
  2 hound zombies
  5 mummies
  3 worker ant zombies
  8 gnolls
  63 river rats
  7 giant mites
  2 white imps
  17 adders
  6 shadow imps
  3 worms
  2 adder skeletons
  An adder zombie (D:9)
  3 oozes
  211 orcs
  A ball python (D:3)
  A bat skeleton (D:5)
  2 bat zombies
  4 giant cockroaches
  18 hobgoblins
  10 jackals
  28 kobolds
  7 quokkas
  17 bats
  3 giant geckos
  6 giant newts
  4 giant spores
  2 gnoll skeletons (Ossuary)
  2 gnoll zombies (Ossuary)
  17 goblins
  2 goblin skeletons (Ossuary)
  4 goblin zombies
  4 hobgoblin skeletons (Ossuary)
  4 hobgoblin zombies
  2 kobold skeletons (Ossuary)
  A kobold zombie (Ossuary)
  2 orc skeletons (Ossuary)
  4 orc zombies (Ossuary)
  2 quokka skeletons
  24 rats
  2 rat skeletons (Ossuary)
  2 rat zombies (Ossuary)
  30 ballistomycetes
  2 crawling corpses (Elf:1)
  An eldritch tentacle segment (Vaults:5)
  4 fungi
3177 creatures vanquished.

Vanquished Creatures (collateral kills)
  A greater naga (Snake:5)
  A naga sharpshooter (Snake:5)
  An elephant (Lair:8)
  A naga mage (Snake:5)
  An air elemental (Depths:3)
  6 nagas (Snake:5)
  2 water moccasins (Snake:5)
  An orc warrior (Orc:4)
  A wasp (Depths:1)
  3 river rats (Lair:8)
  An orc (Orc:4)
19 creatures vanquished.

Vanquished Creatures (others)
  An eldritch tentacle (Vaults:5)
  A tengu reaver (Vaults:4)
  A draconian monk (Zot:2)
  2 draconian zealots
  2 ironheart preservers
  A mottled draconian (Zot:5)
  A deep elf annihilator (Elf:3)
  A yellow draconian (Zot:1)
  2 deep elf knights (Elf:1)
  A guardian serpent (Snake:5)
  A drowned soul (Shoals:1)
  3 naga magi (Snake:5)
  A red draconian zombie (Zot:1)
  A mottled draconian zombie (Zot:1)
  6 water elementals
  A boulder beetle (Vaults:2)
  An orc warrior (Orc:4)
  A redback (Elf:1)
  A yak (Lair:3)
  A hippogriff (Shoals:5)
  4 nagas (Snake:5)
  A water moccasin (Snake:5)
  A sky beast (D:13)
  An ogre (Depths:4)
  A swamp drake (Zot:5)
  3 lost souls
  An elf skeleton (Vaults:2)
  A jelly (D:14)
  A giant gecko (D:6)
  2 giant spores (D:9)
  A gnoll zombie (Ossuary)
  A goblin skeleton (Ossuary)
  A hobgoblin skeleton (Ossuary)
  A hobgoblin zombie (Ossuary)
  2 kobold skeletons (Ossuary)
  3 kobold zombies (Ossuary)
  An orc skeleton (Ossuary)
  An orc zombie (Ossuary)
  6 rat skeletons (Ossuary)
  4 rat zombies (Ossuary)
  4 ballistomycetes (D:9)
  9 eldritch tentacle segments (Vaults:5)
  3 fungi
  A plant (Shoals:3)
84 creatures vanquished.

Grand Total: 3280 creatures vanquished

Notes
Turn   | Place    | Note
--------------------------------------------------------------
     0 | D:1      | Econoterrorist, the Spriggan Enchanter, began the quest for the Orb.
     0 | D:1      | Reached XP level 1. HP: 9/9 MP: 4/4
   292 | D:1      | Reached skill level 5 in Stealth
   316 | D:1      | Reached XP level 2. HP: 13/13 MP: 7/7
   320 | D:1      | Learned a level 2 spell: Ensorcelled Hibernation
  1269 | D:2      | Reached skill level 6 in Stealth
  1468 | D:2      | Found a sparkling altar of Nemelex Xobeh.
  1478 | D:2      | Found a white marble altar of Elyvilon.
  1521 | D:2      | Reached XP level 3. HP: 16/16 MP: 9/9
  1652 | D:2      | Found a radiant altar of Vehumet.
  1668 | D:2      | Reached skill level 7 in Stealth
  1792 | D:2      | Found a shadowy altar of Dithmenos.
  1798 | D:2      | Became a worshipper of Dithmenos the Shadowed
  2262 | D:3      | Noticed CcS's ghost (average GrEE)
  2361 | D:3      | Reached XP level 4. HP: 11/21 MP: 0/12
  2500 | D:2      | Learned a level 3 spell: Confuse
  2536 | D:3      | Reached skill level 8 in Stealth
  2645 | D:3      | Killed CcS's ghost
  2645 | D:3      | Reached XP level 5. HP: 22/24 MP: 10/18
  2720 | D:3      | Reached skill level 5 in Spellcasting
  2727 | D:3      | Learned a level 4 spell: Enslavement
  2907 | D:3      | Noticed a sky beast
  2916 | D:3      | Killed a sky beast
  2916 | D:3      | Reached skill level 5 in Hexes
  2916 | D:3      | Reached XP level 6. HP: 28/28 MP: 14/21
  4090 | D:5      | Entered Level 5 of the Dungeon
  4323 | D:5      | Acquired Dithmenos' first power
  4323 | D:5      | Reached XP level 7. HP: 32/32 MP: 17/22
  4551 | D:5      | Noticed Crazy Yiuf
  4556 | D:5      | Killed Crazy Yiuf
  4801 | D:6      | Found a staircase to the Ecumenical Temple.
  4840 | D:6      | Reached skill level 5 in Short Blades
  5100 | D:6      | Found a deep blue altar of Sif Muna.
  5335 | D:6      | Found a runed door.
  5369 | D:6      | Reached XP level 8. HP: 36/36 MP: 21/24
  5528 | D:6      | Reached skill level 5 in Dodging
  5722 | D:6      | Acquired Dithmenos' second power
  5831 | D:6      | Found a roughly hewn altar of Beogh.
  5939 | D:6      | Reached skill level 9 in Stealth
  6184 | D:7      | Reached skill level 10 in Stealth
  6460 | D:7      | Reached skill level 11 in Stealth
  7186 | D:8      | Reached skill level 12 in Stealth
  7186 | D:8      | Reached XP level 9. HP: 39/39 MP: 21/25
  7383 | D:8      | Found a sand-covered staircase.
  7420 | Ossuary  | Entered an ossuary
  7554 | Ossuary  | Acquired Dithmenos' third power
  7692 | Ossuary  | Noticed Menkaure
  7710 | Ossuary  | Killed Menkaure
  7890 | D:8      | Noticed a two-headed ogre
  7921 | D:8      | Reached skill level 13 in Stealth
  7932 | D:8      | Killed a two-headed ogre
  8124 | D:8      | Noticed Maurice
  8128 | D:8      | Killed Maurice
  8128 | D:8      | Reached skill level 14 in Stealth
  8178 | D:8      | Noticed Blork the orc
  8181 | D:8      | Killed Blork the orc
  8212 | D:8      | Reached skill level 15 in Stealth
  8475 | D:8      | Found a basalt altar of Yredelemnul.
  8703 | D:8      | Found an opulent altar of Gozag.
  9034 | D:8      | Acquired Dithmenos' fourth power
  9120 | D:9      | Reached XP level 10. HP: 27/44 MP: 23/26
  9194 | D:9      | Found a staircase to the Lair.
  9378 | D:9      | Found a staircase to the Orcish Mines.
  9540 | D:9      | Reached skill level 10 in Hexes
 10335 | D:9      | Reached skill level 10 in Short Blades
 10775 | D:9      | Reached XP level 11. HP: 29/47 MP: 23/27
 11545 | D:10     | Entered Level 10 of the Dungeon
 11660 | Lair:1   | Entered Level 1 of the Lair of Beasts
 11695 | Lair:1   | Reached skill level 10 in Dodging
 12257 | Lair:1   | Noticed Erica
 12262 | Lair:1   | Killed Erica
 12546 | Lair:1   | Learned a level 3 spell: Flight
 12551 | Lair:1   | Learned a level 4 spell: Airstrike
 13808 | Lair:2   | Noticed Fv001's ghost (powerful GrFi)
 13839 | Lair:2   | Reached skill level 10 in Spellcasting
 14003 | Lair:2   | Reached skill level 1 in Air Magic
 14024 | Lair:2   | Killed Fv001's ghost
 14229 | Lair:2   | Reached XP level 12. HP: 51/51 MP: 31/33
 14261 | Lair:2   | Reached skill level 5 in Charms
 14415 | Lair:2   | Learned a level 6 spell: Deflect Missiles
 14964 | Lair:3   | Found an opulent altar of Gozag.
 15057 | Lair:3   | Found a staircase to the Snake Pit.
 15059 | Lair:3   | Noticed a naga warrior
 16107 | Lair:4   | Reached skill level 5 in Air Magic
 16577 | Lair:4   | Reached skill level 1 in Fighting
 17441 | Lair:5   | Found a staircase to the Shoals.
 18675 | Lair:6   | Found a staircase to the Slime Pits.
 18675 | Lair:6   | Found a viscous altar of Jiyva.
 18939 | Lair:6   | Noticed a four-headed hydra
 18941 | Lair:6   | Killed a four-headed hydra
 18941 | Lair:6   | Reached XP level 13. HP: 61/61 MP: 29/34
 19534 | Lair:7   | Noticed Rupert
 19547 | Lair:7   | Killed Rupert
 19547 | Lair:7   | Reached skill level 5 in Fighting
 20090 | Lair:7   | Noticed Maud
 20097 | Lair:7   | Killed Maud
 20159 | Lair:7   | Reached skill level 1 in Evocations
 20401 | Lair:8   | Entered Level 8 of the Lair of Beasts
 20884 | Lair:8   | Reached skill level 5 in Evocations
 21397 | Lair:8   | Reached skill level 16 in Stealth
 21818 | Lair:8   | Reached XP level 14. HP: 70/70 MP: 30/35
 21864 | Lair:8   | Reached skill level 17 in Stealth
 22186 | Lair:8   | Noticed a dire elephant
 22194 | Lair:8   | Killed a dire elephant
 22194 | Lair:8   | Reached skill level 10 in Evocations
 22237 | Lair:8   | Found a burning altar of Makhleb.
 22459 | Lair:8   | Found a gateway to Hell.
 22657 | Lair:8   | Learned a level 6 spell: Haste
 22854 | Lair:8   | Reached XP level 15. HP: 74/74 MP: 36/36
 23065 | Orc:1    | Entered Level 1 of the Orcish Mines
 23065 | Orc:1    | Found a burning altar of Makhleb.
 24101 | Orc:2    | Found a roughly hewn altar of Beogh.
 24693 | Orc:3    | Noticed Gastronok
 24699 | Orc:3    | Killed Gastronok
 24931 | Orc:3    | Found Builoss' Book Emporium.
 25167 | Orc:4    | Entered Level 4 of the Orcish Mines
 25301 | Orc:4    | Found Qouhis' Distillery.
 25973 | Orc:3    | Found a roughly hewn altar of Beogh.
 26403 | Orc:4    | Found Eniac's Assorted Antiques.
 26406 | Orc:4    | Bought a wizard robe for 210 gold pieces
 26416 | Orc:4    | Identified the cursed -2 robe "Thestys" {+Inv MR- Dex+2 Stlth+} (You bought it in a shop on level 4 of the Orcish Mines)
 26457 | Orc:4    | Found a staircase to the Elven Halls.
 26734 | Orc:4    | Found Khoakeiqai's Magic Scroll Shop.
 26913 | Orc:4    | Bought a potion of heal wounds for 70 gold pieces
 26915 | Orc:4    | Bought a scroll of acquirement for 676 gold pieces
 26915 | Orc:4    | Bought a scroll of brand weapon for 260 gold pieces
 26915 | Orc:4    | Bought a scroll of enchant armour for 97 gold pieces
 26915 | Orc:4    | Bought a scroll of teleportation for 39 gold pieces
 28756 | Orc:4    | Found Vyihahad's Book Shoppe.
 28756 | Orc:4    | Found Wauqihai's Antique Weapon Emporium.
 28757 | Orc:4    | Found a one-way gate leading to the halls of Pandemonium.
 28804 | Orc:4    | Bought a quick blade for 330 gold pieces
 28979 | Elf:1    | Entered Level 1 of the Elven Halls
 29786 | D:10     | Noticed Joseph
 29808 | D:10     | Killed Joseph
 29953 | D:10     | Noticed a hill giant
 29973 | D:10     | Killed a hill giant
 29973 | D:10     | Reached skill level 1 in Shields
 29985 | D:10     | Noticed an unseen horror
 29995 | D:10     | Killed an unseen horror
 30507 | D:11     | Noticed Psyche
 30512 | D:11     | Killed Psyche
 30512 | D:11     | Reached XP level 16. HP: 81/81 MP: 36/36
 31428 | D:12     | Got a heavily runed buckler
 31439 | D:12     | Identified the +2 buckler of the Moon {-Tele rPois rC++ Stlth+} (You acquired it on level 12 of the Dungeon)
 32167 | D:13     | Found a gate to the Vaults.
 33202 | D:13     | Reached skill level 5 in Shields
 33311 | D:14     | Noticed Azrael
 33315 | D:14     | Killed Azrael
 33458 | D:14     | Noticed Snorg
 33460 | D:14     | Killed Snorg
 33492 | D:14     | Noticed Sonja
 33495 | D:14     | Killed Sonja
 34269 | D:14     | Noticed Louise
 34272 | D:14     | Killed Louise
 34323 | D:15     | Entered Level 15 of the Dungeon
 34409 | D:15     | Gained mutation: You have sharp toenails. [potion of beneficial mutation]
 34466 | D:15     | Found a staircase to the Depths.
 34474 | D:15     | Noticed Roxanne
 35091 | D:15     | Upgraded the game from 0.16.0-17-g811c1d7 to 0.16.0-19-gb078050
 35501 | Lair:3   | Killed a naga warrior
 35507 | Snake:1  | Entered Level 1 of the Snake Pit
 36436 | Snake:2  | Found Letoal's Jewellery Shoppe.
 36436 | Snake:2  | Noticed Aizul
 36443 | Snake:2  | Killed Aizul
 36448 | Snake:2  | Bought a ring of the Octopus King {rN+ AC+1 EV+1 Str+1 Int+1 Dex+1} for 625 gold pieces
 36651 | Snake:2  | Found a basalt altar of Yredelemnul.
 37036 | Snake:2  | Reached XP level 17. HP: 85/85 MP: 37/38
 38044 | Snake:3  | Noticed Jorgrun
 38046 | Snake:3  | Killed Jorgrun
 38287 | Snake:4  | Got an ichor-stained rapier
 38288 | Snake:4  | Identified the +8 rapier of Checks and Balances {pierce, rF- Str+7 Stlth+} (You found it on level 4 of the Snake Pit)
 38572 | Snake:4  | Found a blossoming altar of Fedhas.
 38864 | Snake:4  | Noticed Vashnia
 40689 | Snake:4  | Killed Vashnia
 41244 | Snake:4  | Found Ladwiek's Distillery.
 41521 | Snake:4  | Reached skill level 10 in Fighting
 42061 | Snake:5  | Entered Level 5 of the Snake Pit
 42360 | Snake:4  | Reached skill level 15 in Dodging
 44106 | Snake:5  | Reached skill level 18 in Stealth
 44498 | Snake:5  | Reached XP level 18. HP: 42/95 MP: 37/39
 45305 | Snake:4  | Reached skill level 19 in Stealth
 45542 | Snake:5  | Got a serpentine rune of Zot
 46468 | Depths:1 | Entered Level 1 of the Depths
 46968 | Depths:1 | Reached skill level 20 in Stealth
 47260 | Depths:1 | Found an iron altar of Okawaru.
 47415 | Depths:1 | Reached skill level 21 in Stealth
 48222 | Depths:2 | Reached skill level 1 in Armour
 48516 | Depths:2 | Found a gateway to a ziggurat.
 49393 | Depths:2 | Noticed the Enchantress
 49442 | Depths:1 | Reached skill level 22 in Stealth
 49729 | Depths:2 | HP: 2/95 [spriggan defender/rapier of electrocution[the Enchantress] (18)]
 49762 | Depths:1 | HP: 1/95 [spriggan defender/rapier of electrocution[the Enchantress] (9)]
 50466 | Depths:1 | Learned a level 6 spell: Freezing Cloud
 50552 | Depths:1 | Killed the Enchantress
 50555 | Depths:1 | Got a faerie dragon armour
 50566 | Depths:1 | Identified the +1 faerie dragon armour {HP+5 Int+3} (You took it off the Enchantress on level 1 of the Depths)
 50956 | Depths:1 | Reached skill level 10 in Air Magic
 51559 | Depths:2 | Reached XP level 19. HP: 99/99 MP: 40/40
 53870 | Depths:2 | Reached skill level 1 in Ice Magic
 54125 | Depths:3 | Reached skill level 1 in Conjurations
 56852 | Depths:2 | Reached skill level 5 in Ice Magic
 57267 | Depths:3 | Reached skill level 5 in Conjurations
 58386 | Shoals:1 | Entered Level 1 of the Shoals
 58397 | Shoals:1 | You fall through a shaft!
 58397 | Shoals:2 | Found Zinlad's General Store.
 58397 | Shoals:2 | Found Bytao's Gadget Shop.
 58401 | Shoals:2 | Bought the cursed -3 hat of Skediunacw {rElec rC+ Int+2 Slay-2} for 30 gold pieces
 58620 | Shoals:1 | Reached XP level 20. HP: 97/104 MP: 40/40
 58732 | Shoals:1 | Learned a level 5 spell: Silence
 59208 | Shoals:2 | Found Zad Mewkener's Armour Emporium.
 59314 | Shoals:2 | Found Maess' Armour Emporium.
 59322 | Shoals:2 | Bought a +2 cloak of poison resistance for 259 gold pieces
 60551 | Shoals:4 | Noticed Wiglaf
 60589 | Shoals:4 | Killed Wiglaf
 61105 | Shoals:5 | Entered Level 5 of the Shoals
 61111 | Shoals:5 | Noticed Agnes
 61129 | Shoals:5 | Killed Agnes
 61516 | Shoals:5 | Noticed Asterion
 61520 | Shoals:5 | Got a barnacled rune of Zot
 61529 | Shoals:5 | Killed Asterion
 61887 | Shoals:5 | Noticed Ilsuiw
 61912 | Shoals:5 | Killed Ilsuiw
 64544 | Elf:1    | Found Clautt's Weapon Shoppe.
 64763 | Elf:1    | Noticed Kirke
 64773 | Elf:1    | Killed Kirke
 65415 | Elf:2    | Reached XP level 21. HP: 108/108 MP: 34/41
 65671 | Elf:2    | Found a runed gate.
 65671 | Elf:2    | Found a runed gate.
 65671 | Elf:2    | Found a runed gate.
 65679 | Elf:2    | Reached skill level 15 in Air Magic
 66483 | Elf:3    | Entered Level 3 of the Elven Halls
 66692 | Elf:3    | Noticed Norris
 66712 | Elf:3    | Killed Norris
 67630 | Elf:3    | Got a crude glass ring
 67631 | Elf:3    | Identified the ring "Pothyog" {Ice +Inv rN+ Str-3 Dex+6 Slay+3} (You took it off a deep elf blademaster on level 3 of the Elven Halls)
 67831 | Elf:3    | Reached skill level 15 in Spellcasting
 67833 | Elf:3    | Noticed Nikola
 67883 | Elf:3    | Killed Nikola
 68701 | Elf:3    | Got a smoking granite ring
 68706 | Elf:3    | Identified the ring "Coupnum" {rPois rC- MR+ Dex+4} (You took it off a deep elf knight on level 3 of the Elven Halls)
 68831 | Elf:3    | Identified Tahisek's Guide on Warped Dark Arts
 69363 | Vaults:1 | Entered Level 1 of the Vaults
 69612 | Vaults:1 | Found Stait's Armour Shoppe.
 70748 | Vaults:1 | Reached XP level 22. HP: 105/112 MP: 44/44
 71655 | Vaults:2 | Found a flickering gateway to a bazaar.
 71665 | Bazaar   | Entered a bazaar
 71665 | Bazaar   | Found Grapsism's Jewellery Shoppe.
 71665 | Bazaar   | Found Hosmuos' Distillery.
 71670 | Bazaar   | Found Osalaaba's Antique Armour Emporium.
 71673 | Bazaar   | Bought a potion of mutation for 40 gold pieces
 71673 | Bazaar   | Bought a potion of ambrosia for 128 gold pieces
 71673 | Bazaar   | Bought a potion of heal wounds for 80 gold pieces
 71679 | Bazaar   | Bought a brightly glowing robe for 114 gold pieces
 71679 | Bazaar   | Bought a translucent cloak for 190 gold pieces
 71690 | Bazaar   | Identified the +0 robe of Gallantry {rElec rCorr Dex+7} (You bought it in a shop in a bazaar)
 71700 | Bazaar   | Identified the +2 cloak of Death Resistance {MR+ rCorr} (You bought it in a shop in a bazaar)
 71716 | Bazaar   | Found Khea's Weapon Shoppe.
 71721 | Bazaar   | Bought the ring of Light {rC+ MR++ MP+9 Str+4 Stlth-} for 444 gold pieces
 72565 | Vaults:2 | Found a staircase to the Crypt.
 72565 | Vaults:2 | Found a basalt altar of Yredelemnul.
 72565 | Vaults:2 | Found an ancient bone altar of Kikubaaqudgha.
 75681 | Vaults:3 | Found Guakiapt's Antique Weapon Boutique.
 75776 | Vaults:3 | Reached XP level 23. HP: 116/116 MP: 34/46
 76754 | Vaults:4 | Found Soatruom's Antique Armour Shoppe.
 77327 | Vaults:5 | Entered Level 5 of the Vaults
 77928 | Vaults:5 | Noticed jazmu's ghost (great GrFi)
 80874 | Shoals:1 | Learned a level 9 spell: Tornado
 80920 | Slime:1  | Entered Level 1 of the Pits of Slime
 83107 | Slime:4  | Reached XP level 24. HP: 119/121 MP: 47/47
 84881 | Slime:6  | Entered Level 6 of the Pits of Slime
 84965 | Slime:6  | Noticed the royal jelly
 84978 | Slime:6  | Killed the royal jelly
 86202 | Slime:6  | Identified a +2 rod of ignition (10/10) (You found it on level 6 of the Pits of Slime)
 86228 | Slime:6  | Learned a level 6 spell: Invisibility
 86309 | Slime:6  | Got a glittering brass ring
 86310 | Slime:6  | Identified the ring "Dacw" {Str+4 Slay+3} (You found it on level 6 of the Pits of Slime)
 86405 | Slime:6  | Got a brightly glowing robe
 86417 | Slime:6  | Identified Ziapn's Reference Book on Gliding Augmentations
 86419 | Slime:6  | Got a slimy rune of Zot
 88564 | Vaults:4 | Identified the cursed -4 robe of Immorality {Str-3 Dex+4} (You found it on level 6 of the Pits of Slime)
 88703 | Vaults:5 | Killed jazmu's ghost
 91080 | Vaults:5 | Reached XP level 25. HP: 126/126 MP: 48/48
 91098 | Vaults:5 | Got a flickering marble ring
 91099 | Vaults:5 | Identified the ring of Nobility {rPois rF+ MR+ Int-3 Dex+2} (You took it off a hell knight on level 5 of the Vaults)
 91920 | Vaults:5 | Noticed an ancient lich
 91936 | Vaults:5 | HP: 5/126 [Ice Fiend[an ancient lich] (5)]
 91940 | Vaults:5 | Killed an ancient lich
 92806 | Vaults:5 | Got a silver rune of Zot
 93308 | Vaults:5 | Reached skill level 23 in Air Magic
 93807 | Vaults:5 | Found Shrenaism's Distillery.
 94243 | Vaults:5 | Bought a potion of magic for 176 gold pieces
 94250 | Vaults:5 | Found Otabb's Distillery.
 94252 | Vaults:5 | Found Owkopuf's Food Shop.
 94254 | Vaults:5 | Bought a potion of beneficial mutation for 805 gold pieces
 94258 | Vaults:5 | Gained mutation: You have a pair of small horns on your head. [potion of beneficial mutation]
 95649 | Depths:4 | Found a one-way gate to the infinite horrors of the Abyss.
 96043 | Depths:4 | Reached skill level 24 in Air Magic
 97590 | Depths:4 | Reached XP level 26. HP: 130/130 MP: 40/48
 97952 | Depths:5 | Entered Level 5 of the Depths
 99398 | Depths:5 | Found a gate to the Realm of Zot.
 99403 | Depths:5 | Upgraded the game from 0.16.0-19-gb078050 to 0.16.1-2-g95b8d4c
 99404 | Zot:1    | Entered Level 1 of the Realm of Zot
100065 | Zot:1    | Noticed an orb of fire
100070 | Zot:1    | Killed an orb of fire
101730 | Zot:1    | Reached skill level 15 in Fighting
101991 | Zot:1    | Reached XP level 27. HP: 139/145 MP: 42/49
107762 | Zot:5    | Entered Level 5 of the Realm of Zot
108681 | Zot:5    | Noticed an ancient lich
108841 | Zot:5    | Killed an ancient lich
108909 | Zot:5    | Noticed an orb of fire
108912 | Zot:5    | Gained mutation: You are resistant to hostile enchantments. [an orb of fire]
109387 | Zot:5    | Noticed an orb of fire
109389 | Zot:5    | Killed an orb of fire
109701 | Zot:5    | Killed an orb of fire
110166 | Zot:5    | Noticed an orb of fire
110169 | Zot:5    | Noticed an orb of fire
110171 | Zot:5    | Gained mutation: Your body is slowly deteriorating. [an orb of fire]
110176 | Zot:5    | Gained mutation: Your magical capacity is low (-10% MP). [an orb of fire]
110177 | Zot:5    | Gained mutation: You are frail (-10% HP). [an orb of fire]
110180 | Zot:5    | Killed an orb of fire
110182 | Zot:5    | Killed an orb of fire
110427 | Zot:5    | Noticed an orb of fire
110441 | Zot:5    | Killed an orb of fire
110442 | Zot:5    | Lost mutation: You are frail (-10% HP). [potion of cure mutation]
110442 | Zot:5    | Lost mutation: You are resistant to hostile enchantments. [potion of cure mutation]
110442 | Zot:5    | Lost mutation: You have a pair of small horns on your head. [potion of cure mutation]
110442 | Zot:5    | Lost mutation: Your body is slowly deteriorating. [potion of cure mutation]
110754 | Zot:5    | Noticed an orb of fire
110789 | Zot:5    | Killed an orb of fire
110972 | Zot:5    | Noticed an orb of fire
111669 | Zot:5    | Noticed an orb of fire
111681 | Zot:5    | Killed an orb of fire
112024 | Zot:5    | Noticed an orb of fire
112179 | Zot:5    | Noticed an ancient lich
112790 | Zot:5    | Noticed an ancient lich
112973 | Zot:5    | Killed an ancient lich
113400 | Zot:5    | Demolished by an Orb Guardian

Action                   |  1- 3 |  4- 6 |  7- 9 | 10-12 | 13-15 | 16-18 | 19-21 | 22-24 | 25-27 || total
-------------------------+-------+-------+-------+-------+-------+-------+-------+-------+-------++-------
Melee: Dagger            |   100 |    92 |   300 |   704 |   277 |       |       |       |       ||  1473
       Rapier            |       |       |       |       |   480 |       |       |       |       ||   480
       Quick blade       |       |       |       |       |   104 |  2165 |  2135 |  2389 |  2386 ||  9179
Throw: Throwing net      |       |       |       |       |       |       |     6 |     1 |     1 ||     8
 Cast: Corona            |     1 |       |       |       |       |       |       |       |       ||     1
       Ensorcelled Hiber |    19 |    20 |    61 |   235 |   220 |    85 |    56 |    30 |    14 ||   740
       Confuse           |       |     7 |    21 |    16 |    19 |     3 |     6 |     3 |     1 ||    76
       Enslavement       |       |       |       |     7 |     4 |       |       |       |       ||    11
       Deflect Missiles  |       |       |       |     1 |     1 |     8 |     1 |     1 |       ||    12
       Airstrike         |       |       |       |       |   107 |   104 |   242 |   151 |   483 ||  1087
       Flight            |       |       |       |       |     1 |       |    14 |       |       ||    15
       Freezing Cloud    |       |       |       |       |       |       |    29 |   120 |    67 ||   216
       Silence           |       |       |       |       |       |       |     1 |     3 |     6 ||    10
       Haste             |       |       |       |       |       |       |       |     9 |       ||     9
       Tornado           |       |       |       |       |       |       |       |     4 |    23 ||    27
       Invisibility      |       |       |       |       |       |       |       |       |     1 ||     1
Invok: Shadow Step       |       |       |       |     3 |     8 |    13 |     1 |     3 |    24 ||    52
Evoke: Wand              |       |       |     1 |     2 |     6 |     2 |     2 |     4 |       ||    17
       Phial of floods   |       |       |       |       |     1 |     2 |       |     1 |     1 ||     5
       Rod               |       |       |       |       |       |       |     8 |     8 |    12 ||    28
       Fan of gales      |       |       |       |       |       |       |       |     1 |       ||     1
  Use: Scroll            |       |       |     6 |    14 |    17 |    13 |    15 |     8 |    12 ||    85
       Potion            |       |       |     1 |     1 |     1 |    11 |     3 |    12 |     8 ||    37
 Stab: Sleeping          |    12 |    34 |    81 |   221 |   184 |   172 |   178 |   189 |   116 ||  1187
       Distracted        |     1 |       |     2 |     4 |     5 |    15 |    21 |    14 |    20 ||    82
       Confused          |       |     3 |     9 |     7 |    10 |     3 |     5 |     2 |     2 ||    41
       Invisible         |       |       |     2 |     1 |     5 |    41 |    17 |       |     6 ||    72
       Held in net/web   |       |       |       |       |       |       |     3 |     1 |     1 ||     5
  Eat: Pizza             |       |     2 |       |     1 |     4 |     3 |     3 |     1 |     3 ||    17
       Bread ration      |       |       |     1 |     1 |       |     2 |     3 |     5 |     3 ||    15
       Fruit             |       |       |       |     3 |     5 |     6 |     5 |       |     8 ||    27
       Royal jelly       |       |       |       |       |       |     2 |     3 |       |     3 ||     8
